 Dungeon Crawl Stone Soup version 0.9.0-27-g8a39726 character file.

1177 Xentrophy the Skirmisher (level 8, -17/73 HPs)
             Began as a Naga Berserker on Jan 22, 2012.
             Was a Priest of Trog.
             Demolished by an orc warrior
             ... wielding a +0,+2 orcish great mace
              (25 damage)
             ... on Level 7 of the Dungeon.
             The game lasted 00:32:42 (5780 turns).

Xentrophy the Skirmisher (Naga Berserker)           Turns: 5780, Time: 00:32:42

HP -17/73        AC  9     Str 20      XL: 8   Next: 14%
MP   9/9         EV  4     Int 10      God: Trog [***...]
Gold 210         SH  0     Dex 13      Spells:  0 memorised,  9 levels left

Res.Fire  : . . .   See Invis. : +   n - +1,+3 sabre (drain)
Res.Cold  : . . .   Warding    : . . m - +0 banded mail
Life Prot.: + . .   Conserve   : .   (no shield)
Res.Acid. : . . .   Res.Corr.  : .   f - +1 wizard hat {Int+3} (curse)
Res.Poison: +       Clarity    : .   p - +0 orc cloak (curse)
Res.Elec. : .       Spirit.Shd : .   (no gloves)
Sust.Abil.: . .     Stasis     : .   (no barding)
Res.Mut.  : .       Ctrl.Telep.: .   (no amulet)
Res.Rott. : .       Levitation : .   z - ring of life protection {unknown}
Saprovore : . . .   Ctrl.Flight: .   u - ring of levitation

@: very slow, somewhat resistant to hostile enchantments, extremely unstealthy
A: spit poison, see invisible, deformed body 1, poison resistance, slowness 2
a: Spit Poison, Burn Spellbooks, Berserk, Trog's Hand, Renounce Religion, Evoke
Levitation


You were on level 7 of the Dungeon.
You worshipped Trog.
Trog was greatly pleased with you.
You were not hungry.

You visited 1 branch of the dungeon, and saw 7 of its levels.

You collected 190 gold pieces.

Inventory:

Hand weapons
 a - a +1,+0 hand axe (quivered)
 e - a +2,+2 hand axe
 g - a +2,+2 elven dagger
 i - a +0,+0 whip
 k - a +2,+0 elven dagger
 n - a +1,+3 sabre of draining (weapon)
 q - a +1,+3 flail
 r - a +0,+0 scythe
 t - a -1,+1 orcish hammer
 E - a +1,+1 bow of frost
Missiles
 G - 24 +0 arrows
Armour
 b - a +0 animal skin
 f - a cursed +1 wizard hat of intelligence (worn)
 m - a +0 banded mail (worn)
 p - a cursed +0 orcish cloak (worn)
 v - a +0 orcish chain mail
 y - a cursed +0 orcish ring mail
 I - a +0 visored helmet
Comestibles
 H - a bread ration
Scrolls
 s - a scroll of teleportation
 A - a scroll of identify
 C - 2 scrolls of detect curse
 F - 2 scrolls of immolation
Jewellery
 u - a ring of levitation (left hand)
 z - a ring of life protection (right hand) {unknown}
Potions
 c - 4 potions of heal wounds
 d - 2 potions of healing {unknown}
 h - a potion of resistance {unknown}
 j - a potion of might
 l - 2 potions of berserk rage {unknown}
 o - a potion of paralysis {unknown}
 w - a potion of cure mutation {unknown}
 x - a potion of slowing {unknown}
 B - a potion of poison {unknown}
 D - a potion of invisibility {unknown}


   Skills:
 + Level 4 Fighting
 + Level 2 Short Blades
 - Level 3 Axes
 - Level 3 Maces & Flails
 + Level 4 Armour
 + Level 3 Dodging
 + Level 2 Stealth
 + Level 1 Spellcasting


You had 9 spell levels left.
You didn't know any spells.

Dungeon Overview and Level Annotations

Branches:
Dungeon (7/27)
 Temple: D:4-7          Orc: D:6-11

Altars:
Xom


Innate Abilities, Weirdness & Mutations

You cannot wear boots.
You can spit poison.
Your serpentine skin is tough (AC +2).
You have supernaturally acute eyesight.
Armour fits poorly on your unusually shaped body.
Your system is resistant to poisons.
You cover ground very slowly.


Message History

The orc warrior hits you but does no damage.
You hit the orc warrior, but do no damage.
The orc warrior is lightly wounded.
The orc warrior hits you with an orcish great mace!
You hit the orc warrior. You drain the orc warrior!
The orc warrior is moderately wounded.
The orc warrior hits you with an orcish great mace.
You hit the orc warrior, but do no damage.
The orc warrior is moderately wounded.
You hit the orc warrior.
The orc warrior is moderately wounded.
The orc warrior hits you with an orcish great mace!
* * * LOW HITPOINT WARNING * * *
You hit the orc warrior. You drain the orc warrior!
The orc warrior is almost dead.
The orc warrior hits you with an orcish great mace!
* * * LOW HITPOINT WARNING * * *
Your banded mail prevents you from hitting the orc warrior.
The orc warrior hits you with an orcish great mace!
You die...

...# #..........#
...# #..........#
...###.%.........
....[...........#
#################
#........<
#......#
######......#####
.....^..@o.......
######.##########
#.# #.# #.# #.#
######.#########
................
######.#########


You could see an orc warrior.

Vanquished Creatures
  Grinder (D:6)
  A phantom (D:6)
  Sigmund (D:2)
  A centaur (D:7)
  2 giant frogs
  An ogre (D:7)
  An imp (D:7)
  An orc priest (D:7)
  Ijyb (D:2)
  Jessica (D:2)
  7 gnolls
  A snake zombie (D:6)
  2 worker ants
  5 snakes
  3 worms
  3 giant geckos
  12 orcs
  11 bats
  A giant cockroach (D:2)
  13 goblins
  10 hobgoblins
  5 jackals (D:2)
  10 kobolds
  A quokka (D:2)
  3 giant newts
  An orc zombie (D:6)
  17 rats
  A rat skeleton (D:6)
  3 small snakes
  3 toadstools
123 creatures vanquished.

Vanquished Creatures (others)
  An orc (D:7)
  A goblin (D:2)
  5 toadstools
7 creatures vanquished.

Grand Total: 130 creatures vanquished

Notes
Turn   | Place    | Note
--------------------------------------------------------------
     0 | D:1      | Xentrophy, the Naga Berserker, began the quest for the Orb.
     0 | D:1      | Reached XP level 1. HP: 21/21 MP: 0/0
   133 | D:1      | HP: 1/31 [goblin/runed elven dagger (2)]
   474 | D:1      | Reached skill level 1 in Stealth
   502 | D:1      | Reached XP level 2. HP: 24/28 MP: 1/1
  1216 | D:2      | Reached skill level 1 in Maces & Flails
  1216 | D:2      | Reached XP level 3. HP: 19/36 MP: 2/2
  1220 | D:2      | Acquired Trog's second power
  1488 | D:2      | Reached skill level 4 in Fighting
  1488 | D:2      | Reached XP level 4. HP: 40/44 MP: 3/3
  1603 | D:2      | Noticed Sigmund
  1618 | D:2      | Defeated Sigmund
  1618 | D:2      | Reached XP level 5. HP: 50/50 MP: 4/4
  2387 | D:2      | Noticed Jessica
  2393 | D:2      | Defeated Jessica
  2405 | D:2      | Noticed Ijyb
  2417 | D:2      | Defeated Ijyb
  2781 | D:3      | Reached XP level 6. HP: 44/58 MP: 5/5
  3413 | D:4      | Reached skill level 1 in Spellcasting
  3418 | D:4      | Reached skill level 1 in Short Blades
  3698 | D:5      | Entered Level 5 of the Dungeon
  3792 | D:5      | Found a shimmering altar of Xom.
  3793 | D:5      | Found a shimmering altar of Xom.
  4375 | D:6      | Reached XP level 7. HP: 41/64 MP: 7/7
  4598 | D:6      | Noticed Grinder
  4610 | D:6      | Defeated Grinder
  5050 | D:7      | Reached XP level 8. HP: 17/73 MP: 9/9
  5780 | D:7      | Demolished by an orc warrior
